 Dungeon Crawl Stone Soup version 0.29.0-4-gdea44cf6ec (webtiles) character file.

Game seed: 17335251809361521775

47 qw the Chopper (level 3, -5/21 HPs)
             Began as a Tengu Warper on Aug 29, 2022.
             Slain by an iguana (6 damage)
             ... on level 2 of the Dungeon.
             The game lasted 00:00:17 (1342 turns).

qw the Chopper (Tengu Warper)                       Turns: 1342, Time: 00:00:19

Health: -5/21      AC:  5    Str: 13    XL:     3   Next: 70%
Magic:  7/7        EV: 11    Int: 13    God:
Gold:   133        SH:  0    Dex: 13    Spells: 6/6 levels left

rFire   . . .      SeeInvis .   Y - +0 hand axe
rCold   . . .      Faith    .   (no shield)
rNeg    . . .      Spirit   .   k - +0 ring mail
rPois   .          Reflect  .   (helmet restricted)
rElec   .          Harm     .   (no cloak)
rCorr   .          Rampage  .   (no gloves)
Will    .....                   (boots unavailable)
Stlth   +.........              (no amulet)
HPRegen 0.07/turn               (no ring)
MPRegen 0.10/turn               (no ring)

@: no status effects
A: beak, talons 3
a: no special abilities


You were on level 2 of the Dungeon.
You visited 1 branch of the dungeon, and saw 2 of its levels.

You collected 133 gold pieces.


Innate Abilities, Weirdness & Mutations

You have a beak for a mouth.
You have claws for feet.


   Skills:
 - Level 2.0 Fighting
 + Level 4.3 Axes
 - Level 1.0 Throwing
 - Level 1.1 Armour
 - Level 2.1 Dodging
 - Level 2.0 Spellcasting
 - Level 2.4 Translocations


You had 6 spell levels left.
You didn't know any spells.
Your spell library contained the following spells:

 Spells                   Type           Power      Damage    Failure   Level
 Blink                    Tloc           14%        N/A       30%         2
 Gell's Gravitas          Tloc           7%         N/A       52%         3
 Lesser Beckoning         Tloc           7%         N/A       52%         3
 Teleport Other           Tloc           7%         N/A       52%         3
 Manifold Assault         Tloc           7%         N/A       99%         5

Inventory:

Hand Weapons
 d - a +0 whip of venom
 Y - a +0 hand axe (weapon)
Armour
 k - a +0 ring mail (worn)
Scrolls
 g - a scroll of identify
Potions
 e - a potion of might
 i - a potion of mutation
 j - a potion of attraction {unknown}
 l - a potion of curing

Dungeon Overview and Level Annotations

Branches:
Dungeon (2/15)

Altars:


Message History

You start resting.
HP restored.
A dart slug comes into view.
The dart slug launches a dart at you. The slug dart misses you.
An iguana comes into view.
The dart slug barely misses you.
You hit the dart slug.
The dart slug is severely wounded.
The dart slug launches a dart at you. The slug dart hits you.
You hit the dart slug.
You kill the dart slug!
You hit the iguana but do no damage. Your kick misses the iguana.
The iguana bites you!
You barely miss the iguana. You claw the iguana. Your peck misses the iguana.
The iguana is lightly wounded.
The iguana hisses menacingly.
The iguana closely misses you.
You hit the iguana.
The iguana is lightly wounded.
The iguana barely misses you.
You hit the iguana. You claw the iguana, but do no damage.
The iguana is moderately wounded.
The iguana bites you but does no damage.
The iguana barely misses you.
You completely miss the iguana. You claw the iguana, but do no damage.
The iguana is lightly wounded.
The iguana bites you but does no damage.
You hit the iguana.
The iguana is moderately wounded.
The iguana closely misses you.
You hit the iguana but do no damage. You claw the iguana, but do no damage.
Your peck misses the iguana.
The iguana is moderately wounded.
The iguana bites you.
You hit the iguana.
The iguana is moderately wounded.
The iguana bites you.
You die...

#.# ###.#
#...########
###..........#
.###............#
#..$.............#
#####........!....
###..........#
#..l@.......
##>#...$...#
#.###.##### #.# .#
#l# .. #. .. .##


You could see an iguana.

Vanquished Creatures
  2 gnolls (D:1)
  An adder (D:2)
  A dart slug (D:2)
  2 ball pythons (D:1)
  An endoplasm (D:1)
  2 giant cockroaches
  4 goblins
  A hobgoblin (D:1)
  A frilled lizard (D:1)
  A kobold (D:1)
  A rat (D:2)
17 creatures vanquished.

Notes
Turn   | Place    | Note
-------+----------+-------------------------------------------
     0 | D:1      | qw the Tengu Warper began the quest for the Orb.
     0 | D:1      | Reached XP level 1. HP: 12/12 MP: 4/4
     0 | D:1      | 0 ||| qw: Version: 0.1-a-89-g26bdef1
     0 | D:1      | 0 ||| qw: Game counter: 3533
     0 | D:1      | 0 ||| qw: Always use a shield: true
     0 | D:1      | 0 ||| qw: God list: Okawaru
     0 | D:1      | 0 ||| qw: Allow faded altars: false
     0 | D:1      | 0 ||| qw: Do Orc after D:15 true
     0 | D:1      | 0 ||| qw: Do second Lair branch before Depths: true
     0 | D:1      | 0 ||| qw: Lair rune preference: random
     0 | D:1      | 0 ||| qw: Plans: Normal
     0 | D:1      | 0 ||| PLANNING D:1-11
    18 | D:1      | HP: 2/12 [gnoll/+0 spear (5)]
    20 | D:1      | Reached skill level 3 in Axes
    20 | D:1      | Reached XP level 2. HP: 4/17 MP: 6/6
   444 | D:1      | 444 ||| Stepping ~*~*~tactically~*~*~ (stealth).
   445 | D:1      | 445 ||| Stepping ~*~*~tactically~*~*~ (stealth).
   447 | D:1      | 447 ||| Stepping ~*~*~tactically~*~*~ (stealth).
   449 | D:1      | 449 ||| Stepping ~*~*~tactically~*~*~ (stealth).
   451 | D:1      | 451 ||| Stepping ~*~*~tactically~*~*~ (stealth).
   456 | D:1      | 456 ||| Stepping ~*~*~tactically~*~*~ (stealth).
   458 | D:1      | 458 ||| Stepping ~*~*~tactically~*~*~ (stealth).
   482 | D:1      | Reached XP level 3. HP: 12/21 MP: 7/7
   646 | D:1      | 646 ||| DROPPING +0 mace.
   652 | D:1      | Found a faded altar of an unknown god.
   708 | D:1      | 708 ||| Stepping ~*~*~tactically~*~*~ (stealth).
   746 | D:1      | 746 ||| Stepping ~*~*~tactically~*~*~ (stealth).
   792 | D:1      | 792 ||| Stepping ~*~*~tactically~*~*~ (stealth).
   795 | D:1      | 795 ||| Stepping ~*~*~tactically~*~*~ (stealth).
   796 | D:1      | 796 ||| Stepping ~*~*~tactically~*~*~ (stealth).
   797 | D:1      | 797 ||| Stepping ~*~*~tactically~*~*~ (stealth).
   813 | D:1      | Reached skill level 4 in Axes
  1038 | D:1      | 1038 ||| UPGRADING to +0 ring mail.
  1048 | D:1      | 1048 ||| DROPPING +0 leather armour.
  1049 | D:1      | 1049 ||| READING scroll labelled GOYRAP FIFRIOVE.
  1050 | D:1      | 1050 ||| READING 4 scrolls labelled ARUROP ROTZOLLE.
  1051 | D:1      | 1051 ||| DRINKING 2 glowing cyan potions.
  1052 | D:1      | 1052 ||| DRINKING 2 clear potions.
  1053 | D:1      | 1053 ||| READING 3 scrolls of identify.
  1053 | D:1      | 1053 ||| IDENTIFYING yellow potion
  1054 | D:1      | 1054 ||| READING 2 scrolls of identify.
  1054 | D:1      | 1054 ||| IDENTIFYING ruby potion
  1055 | D:1      | 1055 ||| DROPPING scroll of blinking.
  1056 | D:1      | 1056 ||| DROPPING potion of brilliance.
  1341 | D:2      | HP: 1/21 [iguana (6)]
  1342 | D:2      | Slain by an iguana

Levels and vault maps discovered:
D:1:      sevenhm_arrival_forest_fort_small_3, layout_rooms,
          ebering_ecumenical_altar_sacrificial
D:2:      layout_loops_ring

Skill      XL: |  1  2  3 |
---------------+----------+-----
Axes           | 3 4 |  4.3
Fighting       | |  2.0
Throwing       | |  1.0
Armour         | |  1.1
Dodging        | |  2.1
Spellcasting   | |  2.0
Translocations | |  2.4

Action                   || total
-------------------------++-------
Melee: Hand axe          ||    50
       Kick              ||    16
       Peck              ||     4
Throw: Boomerang         ||     7
  Use: Scroll            ||     4
       Potion            ||     2
Armor: Leather armour    ||     4
       Ring mail         ||     4
Dodge: Dodged            ||    18

Table legend:
 A = Non-vault XP
 B = Vault XP
 C = Vault XP percentage of total XP
 D = Non-vault monster count
 E = Vault monster count
 F = Vault count percentage of total count
                 A         B        C        D         E       F
            +---------+---------+-------+---------+---------+-------
      Total |      68 |       0 |   0.0 |      17 |       0 |   0.0
            +---------+---------+-------+---------+---------+-------
        D:1 |      46 |       0 |   0.0 |      12 |       0 |   0.0
        D:2 |      22 |       0 |   0.0 |       5 |       0 |   0.0
            +---------+---------+-------+---------+---------+-------
